 Dungeon Crawl Stone Soup version 0.20.0-10-g0535bb4 (webtiles) character file.

76709 shmeve the Warrior (level 15, -7/141 HPs)
             Began as a Minotaur Berserker on June 5, 2017.
             Was the Champion of Trog.
             Mangled by a catoblepas (12 damage)
             ... on level 6 of the Lair of Beasts on June 6, 2017.
             The game lasted 01:02:26 (17675 turns).

shmeve the Warrior (Minotaur Berserker)            Turns: 17675, Time: 01:02:27

Health: -7/141     AC: 23    Str: 31    XL:     15   Next: 13%
Magic:  14/14      EV:  2    Int:  4    God:    Trog [******]
Gold:   1271       SH:  0    Dex: 16    Spells: 14/14 levels left

rFire    + . .     SeeInvis .   A - +7 hand axe of Resourcefulness {chop, rElec rPois MR- Dex+6}
rCold    + + .     Gourm    .   O - +0 large shield
rNeg     + + +     Faith    .   R - +3 plate armour
rPois    ∞         Spirit   .   C - +1 hat
rElec    +         Reflect  .   J - scarf {rC+ rF+}
rCorr    .         Harm     .   r - +2 pair of gloves {Str+3}
MR       +....                  Q - +0 pair of boots
Stlth    ..........             s - amulet of regeneration
Regen    0.8/turn               P - ring of protection from cold
MPRegen  0.2/turn               I - ring of protection from magic

@: petrified, berserk cooldown, slowed
A: retaliatory headbutt, horns 2
a: Berserk, Trog's Hand, Brothers in Arms, Burn Spellbooks, Renounce Religion


You were on level 6 of the Lair of Beasts.
You worshipped Trog.
Trog was exalted by your worship.
You were hungry.

You visited 2 branches of the dungeon, and saw 21 of its levels.
You also visited: Ossuary and Bailey.

You collected 1315 gold pieces.
You spent 44 gold pieces at shops.

Inventory:

Hand Weapons
 A - the +7 hand axe of Resourcefulness (weapon) {chop, rElec rPois MR- Dex+6}
   (You found it on level 9 of the Dungeon)

   It inflicts extra damage upon your enemies.
   It affects your dexterity (+6).
   It insulates you from electricity.
   It protects you from poison.
   It affects your resistance to hostile enchantments.
Missiles
 t - 10 javelins
 K - 4 poisoned javelins
 N - 2 throwing nets
 T - 4 javelins of returning (quivered)
Armour
 r - a +2 pair of gloves of strength (worn)
 C - a +1 hat (worn)
 J - a scarf of resistance (worn)
 O - a +0 large shield (worn)
 Q - a +0 pair of boots (worn)
 R - a +3 plate armour (worn)
Jewellery
 s - an amulet of regeneration (around neck)
 I - a ring of protection from magic (right hand)
 P - a ring of protection from cold (left hand)
Scrolls
 b - a scroll of magic mapping {unknown}
 d - 2 scrolls of fog {unknown}
 g - 10 scrolls of teleportation
 h - 10 scrolls of identify
 j - 9 scrolls of remove curse
 l - 7 scrolls of immolation
 u - a scroll of enchant armour {unknown}
 w - 4 scrolls of recharging {unknown}
 x - a scroll of summoning {unknown}
 y - 5 scrolls of amnesia {unknown}
 B - 3 scrolls of fear {unknown}
 E - a scroll of holy word {unknown}
 H - 7 scrolls of enchant weapon {unknown}
 L - a scroll of random uselessness
 U - a scroll of blinking {unknown}
Potions
 e - 8 potions of heal wounds
 f - 4 potions of mutation {unknown}
 i - 5 potions of brilliance {unknown}
 k - 16 potions of curing
 m - 3 potions of flight {unknown}
 n - 3 potions of might {unknown}
 o - 7 potions of haste
 z - 4 potions of magic {unknown}
 D - 3 potions of cancellation {unknown}
 F - 8 potions of agility
 G - 5 potions of berserk rage {unknown}
 M - 2 potions of degeneration {unknown}
 S - a potion of resistance {unknown}
Comestibles
 a - 36 chunks of flesh
 c - 18 bread rations
 p - 13 fruits
 q - 12 meat rations
 v - 6 royal jellies


   Skills:
 * Level 15.5 Fighting
 * Level 15.1 Axes
 + Level 9.2 Throwing
 + Level 10.9 Armour
 + Level 10.4 Dodging
 - Level 1.3 Stealth
 * Level 14.6 Shields


You had 14 spell levels left.
You didn't know any spells.

Dungeon Overview and Level Annotations

Branches:
Dungeon (15/15)            Temple (0/1) D:7            Lair (6/6) D:9
  Swamp (0/4) Lair:2       Spider (0/4) Lair:4          Orc (0/2) D:12
 Vaults (0/5) D:13         Depths (0/5) D:15
  Slime: Lair:5-6

Altars:
Cheibriados
Elyvilon
Gozag
Hepliaklqana
Kikubaaqudgha
Okawaru
Trog
Vehumet
Xom
Yredelemnul
Zin

Shops:
D:5 *   D:6 (   D:8 *(}   D:12 *


Innate Abilities, Weirdness & Mutations

You reflexively headbutt those who attack you in melee.
You have a pair of horns on your head.


Message History

The death yak gores you!
* * * LOW HITPOINT WARNING * * *
The death yak gores you but does no damage.
The catoblepas gores you!!
* * * LOW HITPOINT WARNING * * *
The lindwurm bites you but does no damage.
The lindwurm claws you.
* * * LOW HITPOINT WARNING * * *
The lindwurm claws you but does no damage.
The death yak gores you!
* * * LOW HITPOINT WARNING * * *
The death yak gores you but does no damage.
The catoblepas gores you!
* * * LOW HITPOINT WARNING * * *
The lindwurm bites you!
* * * LOW HITPOINT WARNING * * *
The lindwurm claws you but does no damage. x2
The death yak gores you but does no damage.
The catoblepas gores you!!
You die...

## ###.#
#####P..##
......♣.#
##..P.P#
#Y@...#
#.YkY#.##
#....T.#..##
#..÷.....##..##
#.8.......#..P#
.....##...#.P.#
.8..# ##..#P.P#
.... ..÷#...#
#..##


You could see 2 death yaks, a catoblepas, a lindwurm and a deep troll shaman.

Vanquished Creatures
  Kirke (D:14)
  An orc warlord (Bailey)
  The ghost of grandjackal the Destroyer, a journeyman DgFE (D:12)
  3 vault guards (D:13)
  A quicksilver dragon skeleton (D:15)
  4 hydras
  4 centaur warriors
  A catoblepas (Lair:5)
  8 two-headed ogres
  A death yak (Lair:6)
  A tengu warrior (D:14)
  Sonja (D:10)
  The ghost of crazymagnet the Carver, a novice MiBe of Trog (D:8)
  2 skeletal warriors (D:15)
  4 orc knights
  A necromancer (D:15)
  A phantasmal warrior (D:15)
  A tengu skeleton (D:15)
  11 ugly things
  2 orc sorcerers (D:13)
  A cyclops (D:12)
  2 deep elf magi
  7 elephants
  3 centaur zombies
  3 black mambas
  A torpor snail (Lair:4)
  A molten gargoyle (D:12)
  7 spiny frogs
  4 kobold demonologists
  6 komodo dragons
  2 rime drakes
  8 trolls
  A wolf spider simulacrum (D:13)
  2 tengu conjurers (D:14)
  A hornet (shapeshifter) (D:15)
  7 polar bears
  4 blink frogs (Lair:6)
  A hornet (Lair:4)
  4 dream sheep (Lair:4)
  3 slime creatures (D:14)
  8 hippogriffs
  A fire dragon zombie (D:15)
  A meliai zombie (D:12)
  2 spriggans (Lair:2)
  A vampire (D:15)
  4 wraiths
  37 yaks
  4 wyverns
  A shadow (D:11)
  2 basilisks
  4 hogs (D:14)
  A human (D:13)
  A steam dragon (D:14)
  A hungry ghost (D:9)
  12 water moccasins
  The ghost of SirKenneth the Magician, an amateur DEFE of Sif Muna (D:3)
  2 soldier ants
  9 porcupines
  2 acid dragons
  5 black bears
  A hornet zombie (D:7)
  2 ice beasts
  13 orc warriors
  An eye of draining (D:12)
  5 sky beasts
  5 phantoms
  14 wolves
  A necrophage (D:7)
  7 ogres
  21 centaurs
  12 crocodiles
  5 big kobolds
  A yaktaur zombie (D:15)
  23 bullfrogs
  3 scorpions
  6 killer bees (D:9)
  2 electric eels
  7 wights
  4 howler monkeys
  7 crimson imps
  3 jellies
  2 quasits
  A bullfrog zombie (D:7)
  3 orc priests
  6 hounds
  5 centaur skeletons
  17 orc wizards
  4 bullfrog skeletons
  4 iguanas
  Jessica (D:2)
  13 hell rats
  11 worker ants
  A hound zombie (D:10)
  2 hound skeletons
  A worker ant zombie (D:7)
  Robin (D:2)
  8 gnolls
  2 howler monkey skeletons
  15 river rats (Lair:1)
  8 adders
  5 shadow imps
  2 oozes
  2 adder zombies (Ossuary)
  2 dart slugs
  5 leopard geckos
  52 orcs
  3 ball pythons
  4 giant cockroaches
  15 goblins
  10 hobgoblins
  13 jackals
  10 quokkas
  9 bats
  3 frilled lizards
  A hobgoblin skeleton (Ossuary)
  A jackal zombie (D:5)
  30 kobolds
  3 kobold zombies (Ossuary)
  2 leopard gecko skeletons
  An orc skeleton (Ossuary)
  An orc zombie (Ossuary)
  12 rats
  2 fungi
653 creatures vanquished.

Vanquished Creatures (others)
  A human (D:14)
  A fungus (Lair:6)
  A withered plant (D:15)
3 creatures vanquished.

Grand Total: 656 creatures vanquished

Notes
Turn   | Place    | Note
-------+----------+-------------------------------------------
     0 | D:1      | shmeve the Minotaur Berserker began the quest for the Orb.
     0 | D:1      | Reached XP level 1. HP: 19/19 MP: 0/0
   363 | D:1      | Reached XP level 2. HP: 26/26 MP: 1/1
   822 | D:1      | Reached XP level 3. HP: 28/33 MP: 2/2
   827 | D:1      | Reached ** piety under Trog
  1330 | D:2      | Noticed Jessica
  1340 | D:2      | Killed Jessica
  1340 | D:2      | Reached skill level 1 in Throwing
  1340 | D:2      | Reached XP level 4. HP: 27/40 MP: 3/3
  1451 | D:2      | Noticed Robin
  1461 | D:2      | Killed Robin
  1760 | D:2      | Reached XP level 5. HP: 38/47 MP: 4/4
  1928 | D:2      | Reached skill level 5 in Fighting
  2314 | D:3      | Found a radiant altar of Vehumet.
  2449 | D:3      | Reached skill level 5 in Axes
  2503 | D:3      | Reached *** piety under Trog
  2648 | D:3      | Noticed SirKenneth's ghost (amateur DEFE)
  2664 | D:3      | Killed SirKenneth's ghost
  2664 | D:3      | Reached XP level 6. HP: 28/56 MP: 5/5
  2820 | D:3      | Found a basalt altar of Yredelemnul.
  3118 | D:4      | Reached XP level 7. HP: 62/63 MP: 6/6
  3141 | D:4      | Found an iron altar of Okawaru.
  3291 | D:5      | Entered Level 5 of the Dungeon
  3347 | D:5      | Found a white marble altar of Elyvilon.
  3453 | D:5      | Found Zin's Purification Station.
  3455 | D:5      | Found a glowing silver altar of Zin.
  4083 | D:5      | Found a bloodstained altar of Trog.
  4152 | D:6      | Reached XP level 8. HP: 73/73 MP: 7/7
  4162 | D:6      | Found Puco's Weapon Emporium.
  4407 | D:6      | Reached **** piety under Trog
  4475 | D:6      | Found a snail-covered altar of Cheibriados.
  4796 | D:6      | Found an ancient bone altar of Kikubaaqudgha.
  4796 | D:6      | Found a hazy altar of Hepliaklqana.
  4927 | D:7      | Reached skill level 5 in Armour
  4954 | D:7      | Reached skill level 5 in Dodging
  4973 | D:7      | Found an opulent altar of Gozag.
  5033 | D:7      | Found a shimmering altar of Xom.
  5036 | D:7      | Found a shimmering altar of Xom.
  5037 | D:7      | Found a shimmering altar of Xom.
  5037 | D:7      | Found a shimmering altar of Xom.
  5037 | D:7      | Found a shimmering altar of Xom.
  5038 | D:7      | Found a shimmering altar of Xom.
  5050 | D:7      | Got a steaming chain mail
  5061 | D:7      | Identified the +1 chain mail of Omin {+Blink rC- Int+3} (You found it on level 7 of the Dungeon)
  5141 | D:7      | Reached XP level 9. HP: 54/82 MP: 8/8
  5156 | D:7      | Found a sand-covered staircase.
  5161 | Ossuary  | Entered an ossuary
  5552 | D:7      | Found a flagged portal.
  5562 | Bailey   | Entered a bailey
  5569 | Bailey   | Noticed an orc warlord
  5619 | Bailey   | Noticed an orc knight
  5631 | Bailey   | Killed an orc knight
  5633 | Bailey   | Reached skill level 5 in Throwing
  5641 | Bailey   | Found a runed gate.
  5641 | Bailey   | Found a runed gate.
  5659 | Bailey   | Found a runed gate.
  5726 | Bailey   | Killed an orc warlord
  5726 | Bailey   | Reached skill level 10 in Fighting
  5726 | Bailey   | Reached skill level 10 in Axes
  5726 | Bailey   | Reached XP level 10. HP: 62/94 MP: 9/9
  5760 | Bailey   | Reached XP level 11. HP: 78/104 MP: 10/10
  5786 | D:7      | Found a staircase to the Ecumenical Temple.
  6024 | D:7      | Received a gift from Trog
  6175 | D:8      | Noticed a two-headed ogre
  6185 | D:8      | Killed a two-headed ogre
  6223 | D:8      | Found Teol's General Store.
  6228 | D:8      | Bought a potion of agility for 44 gold pieces
  6273 | D:8      | Found Atip's Weapon Emporium.
  6280 | D:8      | Noticed crazymagnet's ghost (novice MiBe)
  6290 | D:8      | Killed crazymagnet's ghost
  6335 | D:8      | Found Umodum's Gadget Shop.
  6675 | D:8      | Found Dyfoho's Antique Weapon Shoppe.
  7015 | D:9      | Noticed a two-headed ogre
  7020 | D:9      | Killed a two-headed ogre
  7116 | D:9      | Reached ***** piety under Trog
  7129 | D:9      | Found a staircase to the Lair.
  7376 | D:9      | Received a gift from Trog
  7464 | D:9      | Noticed a deep elf mage
  7468 | D:9      | Killed a deep elf mage
  7473 | D:9      | Got a steaming hand axe
  7474 | D:9      | Identified the +7 hand axe of Resourcefulness {chop, rElec rPois MR- Dex+6} (You found it on level 9 of the Dungeon)
  7529 | D:9      | Noticed a two-headed ogre
  7541 | D:9      | Killed a two-headed ogre
  7751 | D:9      | Reached XP level 12. HP: 96/113 MP: 11/11
  7974 | D:10     | Entered Level 10 of the Dungeon
  8467 | D:10     | Noticed Sonja
  8470 | D:10     | Noticed a two-headed ogre
  8476 | D:10     | Killed a two-headed ogre
  8480 | D:10     | Killed Sonja
  9314 | D:11     | Received a gift from Trog
  9319 | D:11     | Noticed a six-headed hydra
  9329 | D:11     | Killed a ten-headed hydra
  9329 | D:11     | Reached skill level 5 in Shields
  9488 | D:11     | Got a pair of distressingly furry boots
  9494 | D:11     | Identified the +2 pair of boots "Igaapaulo" {rC+ Slay-4 SInv} (You found it on level 11 of the Dungeon)
  9725 | D:12     | Noticed a two-headed ogre
  9734 | D:12     | Killed a two-headed ogre
 10062 | D:12     | Noticed grandjackal's ghost (journeyman DgFE)
 10074 | D:12     | Killed grandjackal's ghost
 10109 | D:12     | Received a gift from Trog
 10121 | D:12     | Reached skill level 10 in Shields
 10177 | D:12     | Found a staircase to the Orcish Mines.
 10284 | D:12     | Found Xouneluyj's Serpentskin Sales.
 10313 | D:12     | Reached XP level 13. HP: 47/122 MP: 7/12
 10580 | D:12     | Reached skill level 1 in Stealth
 10898 | D:13     | Received a gift from Trog
 11074 | D:13     | Found a gate to the Vaults.
 11286 | D:13     | Found a bloodstained altar of Trog.
 11530 | D:13     | Identified a scroll of acquirement
 11810 | D:14     | Received a gift from Trog
 11909 | D:14     | Noticed Kirke
 11920 | D:14     | Killed Kirke
 12666 | D:15     | Entered Level 15 of the Dungeon
 12745 | D:15     | Reached XP level 14. HP: 132/132 MP: 13/13
 12784 | D:15     | Found a staircase to the Depths.
 12961 | D:15     | Reached skill level 10 in Armour
 13046 | D:15     | Received a gift from Trog
 13795 | Lair:1   | Entered Level 1 of the Lair of Beasts
 13939 | Lair:1   | Reached ****** piety under Trog
 14425 | Lair:1   | Received a gift from Trog
 14868 | Lair:2   | Found a staircase to the Swamp.
 15464 | Lair:3   | Reached skill level 10 in Dodging
 15880 | Lair:4   | Found a hole to the Spider Nest.
 16002 | Lair:4   | Reached skill level 15 in Fighting
 16818 | Lair:5   | Received a gift from Trog
 16896 | Lair:5   | Reached skill level 15 in Axes
 17489 | Lair:6   | Entered Level 6 of the Lair of Beasts
 17500 | Lair:6   | Reached XP level 15. HP: 139/141 MP: 14/14
 17674 | Lair:6   | HP: 7/141 [catoblepas (6)]
 17675 | Lair:6   | Mangled by a catoblepas

Skill      XL: |  1  2  3  4  5  6  7  8  9 10 11 12 13 14 |
---------------+-------------------------------------------+-----
Axes           | 4 5 7 8 10 11 12 13 14 15 | 15.1
Fighting       | 4 5 6 7 8 10 11 12 13 14 15 | 15.5
Armour         | 3 4 5 6 8 9 10 | 10.9
Throwing       | 1 2 3 4 5 6 7 8 9 |  9.2
Dodging        | 3 4 5 6 7 8 9 10 | 10.4
Shields        | 10 13 14 | 14.6
Stealth        | 1 |  1.3

Action                   |  1- 3 |  4- 6 |  7- 9 | 10-12 | 13-15 || total
-------------------------+-------+-------+-------+-------+-------++-------
Melee: Hand axe          |    57 |   108 |   276 |   221 |   849 ||  1511
       Headbutt          |    11 |    17 |    64 |    87 |   287 ||   466
       War axe           |       |       |    28 |       |       ||    28
       Battleaxe         |       |       |       |   127 |       ||   127
Throw: Javelin           |       |       |       |   116 |    19 ||   135
Invok: Berserk           |       |     2 |     3 |     5 |     6 ||    16
       Burn Spellbooks   |       |     1 |       |     3 |     1 ||     5
       Trog's Hand       |       |       |     1 |       |     3 ||     4
  Use: Scroll            |       |       |     3 |     7 |     3 ||    13
       Potion            |       |       |       |     1 |       ||     1
 Stab: Distracted        |       |       |       |       |     1 ||     1
  Eat: Chunk             |     1 |     6 |     8 |    21 |    28 ||    64
       Royal jelly       |       |     1 |       |     1 |       ||     2
       Fruit             |       |       |     3 |       |     2 ||     5
Armor: Animal skin       |    20 |     6 |       |       |       ||    26
       Scale mail        |       |    30 |   100 |    41 |       ||   171
       Chain mail        |       |       |       |    53 |       ||    53
       Plate armour      |       |       |       |    34 |   299 ||   333
Dodge: Dodged            |    75 |    66 |   224 |   244 |   300 ||   909
Block: Buckler           |       |       |       |    36 |    36 ||    72
       Shield            |       |       |       |       |   259 ||   259
       Large shield      |       |       |       |       |   318 ||   318
